 Dungeon Crawl Stone Soup version 0.18-a0-824-g47fe746 (webtiles) character file.

11110 Raultor the Basher (level 11, -14/129 HPs)
             Began as a Demonspawn Fighter on Dec 17, 2015.
             Was an Elder of Makhleb.
             Demolished by a hill giant
             ... wielding a +0 giant spiked club
              (20 damage)
             ... on level 12 of the Dungeon.
             The game lasted 00:46:56 (14033 turns).

Raultor the Basher (Demonspawn Fighter)            Turns: 14033, Time: 00:46:57

Health: -14/129    AC: 30    Str: 18    XL:     11   Next: 45%
Magic:  16/16      EV:  6    Int: 10    God:    Makhleb [****..]
Gold:   523        SH: 11    Dex: 14    Spells: 0 memorised, 10 levels left

rFire  . . .     SeeInvis .     K - +0 flail (protect)
rCold  . . .     Gourm    .     (armour currently unavailable)
rNeg   + + +     Faith    .     c - +0 shield
rPois  +         Spirit   .     (helmet currently unavailable)
rElec  .         Dismiss  .     (cloak currently unavailable)
rCorr  +         Reflect  .     (gloves currently unavailable)
SustAt .         Harm     .     (boots currently unavailable)
MR     .....     NoTele   +     s - amulet of resist corrosion {rCorr, !d}
Stlth  ++........               T - ring of stealth {Stlth+}
                                E - ring of flight {+Fly, !d}

@: tree-form, repel missiles, not resistant to hostile enchantments, unstealthy
A: (horns 0), repulsion field 3, demonic guardian 2, (fire resistance 0)
a: Minor Destruction, Lesser Servant of Makhleb, Major Destruction, Renounce
Religion


You were on level 12 of the Dungeon.
You worshipped Makhleb.
Makhleb was greatly pleased with you.
You were not hungry.
You were a tree.
You visited 2 branches of the dungeon, and saw 13 of its levels.

You collected 615 gold pieces.
You spent 92 gold pieces at shops.

Inventory:

Hand Weapons
 t - a +1 morningstar
   (You took it off a wight on level 11 of the Dungeon)
 K - a +0 flail of protection (weapon)
   (You took it off an orc on level 7 of the Dungeon)
Missiles
 P - 4 throwing nets {=f, !d}
Armour
 b - a +0 scale mail (melded)
 c - a +0 shield (worn)
 u - a +0 pair of boots (melded)
   (You found it on level 3 of the Dungeon)
 J - a +0 hat (melded)
   (You found it on level 6 of the Dungeon)
 R - a +0 pair of gloves (melded)
   (You found it on level 8 of the Dungeon)
Jewellery
 r - an uncursed ring of ice {rC+, rF-}
   (You found it on level 2 of the Dungeon)
 s - an amulet of resist corrosion (around neck) {rCorr, !d}
   (You found it on level 3 of the Dungeon)
 v - an uncursed ring of invisibility {+Inv, !d}
   (You took it off a kobold on level 3 of the Dungeon)
 E - a ring of flight (left branch) {+Fly, !d}
   (You found it on level 5 of the Dungeon)
 T - a ring of stealth (right branch) {Stlth+}
   (You found it on level 10 of the Dungeon)
Wands
 a - a wand of teleportation (1)
   (You found it on level 6 of the Dungeon)
 M - a wand of fire (9)
   (You found it on level 7 of the Dungeon)
 Y - a wand of digging (14)
   (You found it on level 11 of the Dungeon)
Scrolls
 e - 5 scrolls of teleportation {unknown}
 g - 2 scrolls of identify
 h - 5 scrolls of immolation {unknown}
 i - 5 scrolls of remove curse
 k - 3 scrolls of enchant armour {unknown}
 m - 2 scrolls of fear {unknown}
 o - 2 scrolls of fog {unknown}
 A - a scroll of summoning {unknown}
 B - 3 scrolls of recharging {unknown}
 L - 2 scrolls of amnesia {unknown}
 O - a scroll of acquirement {unknown}
 S - a scroll of enchant weapon {unknown}
 X - a scroll of magic mapping {unknown}
Potions
 d - a potion of might
 j - 2 potions of agility
 l - 3 potions of curing
 p - 2 potions of brilliance
 x - 2 potions of cancellation
 C - a potion of berserk rage {!q}
 F - 2 potions of haste
Books
 Q - a book of Fire
   (You found it on level 8 of the Dungeon)
Miscellaneous
 U - a stone of tremors
   (You found it on level 9 of the Dungeon)
Comestibles
 f - 7 bread rations {@e1}
 n - 10 meat rations {@e2}
 q - 4 slices of pizza
 w - 4 fruits
 z - 9 beef jerkies
 D - 3 chunks of flesh {@w0}


   Skills:
 + Level 8.2 Fighting
 * Level 10.5 Maces & Flails
 + Level 8.0 Armour
 + Level 7.3 Shields
 + Level 7.0 Invocations


You had 10 spell levels left.
You didn't know any spells.

Dungeon Overview and Level Annotations

Branches:
Dungeon (12/15)            Temple (1/1) D:7
   Lair: D:8-11         Orc: D:9-12

Altars:
Ashenzari
Cheibriados
Dithmenos
Elyvilon
Fedhas
Gozag
Kikubaaqudgha
Makhleb
Nemelex Xobeh
Okawaru
Pakellas
Qazlal
Ru
Sif Muna
Trog
Vehumet
Xom
Yredelemnul
Zin
The Shining One
Lugonu

Shops:
D:5 !!**:   D:8 *

Annotations:
D:2 Crazy Yiuf
D:3 exclusion: oklob plant
D:9 1 exclusion


Innate Abilities, Weirdness & Mutations

((You have a pair of horns on your head.))
You are surrounded by a strong repulsion field (EV +4, rMsl).
A demonic guardian rushes to your aid.
((Your flesh is heat resistant.))


Message History

Items here: ))))))))) [[[[[ ÷ † Your sixfirhy disappears in a puff of smoke!
Your hellwing gestures.
The bodies of the dead form a shell around your hellwing.
Your hellwing blocks the five-headed hydra's attack.
The five-headed hydra bites your hellwing but does no damage.
The five-headed hydra closely misses your hellwing.
The five-headed hydra bites your hellwing!
Your hellwing's corpse armour sloughs away.
The five-headed hydra bites your hellwing!
Your hellwing barely misses the five-headed hydra.
Your hellwing hits the five-headed hydra.
The five-headed hydra bites your hellwing!
The five-headed hydra bites your hellwing.
The five-headed hydra completely misses your hellwing.
The five-headed hydra bites your hellwing.
Your hellwing dies!
Your sixfirhy hits the five-headed hydra!
Your sixfirhy shocks the five-headed hydra!
Your sixfirhy hits the five-headed hydra.
Your sixfirhy shocks the five-headed hydra!
Your sixfirhy hits the five-headed hydra.
Your sixfirhy shocks the five-headed hydra!
Your sixfirhy hits the five-headed hydra!
Your sixfirhy shocks the five-headed hydra!
Something hits you but does no damage.
The five-headed hydra closely misses your sixfirhy.
The five-headed hydra completely misses your sixfirhy.
The five-headed hydra bites your sixfirhy.
The five-headed hydra completely misses your sixfirhy.
The five-headed hydra misses your sixfirhy.
Your sixfirhy hits the five-headed hydra!
Your sixfirhy shocks the five-headed hydra!
Your sixfirhy hits the five-headed hydra.
Your sixfirhy shocks the five-headed hydra!
The five-headed hydra dies!
Makhleb accepts your kill.
Your Armour skill increases to level 8!
Your Invocations skill increases to level 7!
Something hits you.
You take 1 damage, and have 59/86 hp.
Something hits you but does no damage. Something hits you.
You take 3 damage, and have 56/86 hp.
Your sixfirhy disappears in a puff of smoke!
Something hits you.
You take 1 damage, and have 55/86 hp.
You closely miss something. You headbutt something. Something hits you!
You take 8 damage, and have 47/86 hp.
You block its attack. Something hits you but does no damage.
Something hits you.
You take 6 damage, and have 41/86 hp.
Something hits you!
There is a stone staircase leading up here.
You take 7 damage, and have 34/86 hp.
You block its attack.
You climb upwards.
Something completely misses you.
There is a stone staircase leading down here.
You start resting.
Something hits you.
You take 3 damage, and have 32/86 hp.
Something hits you.
You climb downwards.
There is a stone staircase leading up here.
Something hits you but does no damage.
You feel strangely unstable.
Evoking this partially-identified wand wasted a few charges.
Something hits you but does no damage. Something hits you but does no damage.
Something hits you but does no damage.
You see here 29 arrows.
Something hits you but does no damage.
Your surroundings suddenly seem different.
A hill giant comes into view. It is wielding a giant spiked club.
The hill giant shouts!
You hit the hill giant but do no damage.
The hill giant hits you with a giant spiked club!
* * * LOW HITPOINT WARNING * * *
You take 12 damage, and have 22/86 hp.
You hit the hill giant. You headbutt the hill giant.
Your smoke demon hits the hill giant!
Your smoke demon hits the hill giant but does no damage.
Your smoke demon hits the hill giant.
The hill giant hits you with a giant spiked club!!
* * * LOW HITPOINT WARNING * * *
You take 18 damage, and have 4/86 hp.
MASSIVE DAMAGE!!
Drink which item? (? for menu, Esc to quit)
Really quaff
N - a potion of lignification {!q}?
You turn into a tree.
Your +0 hat melds into your body.
Your +0 pair of gloves melds into your body.
Your +0 pair of boots melds into your body.
Your +0 scale mail melds into your body.
Your roots penetrate the ground.
Your smoke demon hits the hill giant but does no damage.
Your smoke demon hits the hill giant. x2
You now have 6/129 hp.
You sock the hill giant!
Your smoke demon hits the hill giant.
Your smoke demon hits the hill giant. x2
The hill giant hits you with a giant spiked club!!
You die...

#...##....###)#
#.....##...
#...##......#<#
#.....##...
#.).##.[....#.#
#.....#####
###.##....#.#.#
#.....#
#...........#
#.....#
#########3###
......#
#....<#C#
.......#
#.#####♣#
........#
#(#.....#
#......###
#(#.#####
#......#
#.#.....#
#(#.....#
#(##....#
#)......#
#.(.....#


You could see a hill giant and a friendly smoke demon.

Vanquished Creatures
  A centaur warrior (D:12)
  A hill giant (D:10)
  A manticore (D:12)
  The ghost of JokEr the Insei, a novice OpTm (D:4)
  A shadow (D:12)
  2 yaks (D:9)
  2 hippogriffs (D:11)
  3 wyverns
  A hungry ghost (D:10)
  3 wolves (D:9)
  8 sky beasts
  A phantom (D:9)
  3 ogres
  An ice beast (D:11)
  4 black bears
  2 eyes of draining
  3 necrophages
  5 orc warriors
  3 giant frogs
  5 centaurs
  2 big kobolds
  A wyvern zombie (D:7)
  16 wights
  3 scorpions (D:10)
  4 crimson imps
  2 jellies
  3 giant frog zombies
  5 hounds
  10 orc priests
  2 centaur skeletons
  7 worker ants
  3 iguanas
  16 orc wizards
  3 giant frog skeletons
  A hound skeleton (D:7)
  2 hound zombies (D:11)
  2 mummies (D:11)
  3 worker ant zombies
  6 gnolls
  9 adders
  4 shadow imps
  2 adder zombies
  4 oozes
  6 worms
  16 giant geckos
  37 orcs
  9 giant cockroaches
  13 goblins
  7 hobgoblins
  14 jackals
  23 kobolds
  5 quokkas
  A ball python (D:3)
  5 bats
  A giant cockroach zombie (D:5)
  5 giant newts
  A jackal skeleton (D:4)
  A quokka skeleton (D:6)
  8 rats
  2 rat zombies (D:5)
315 creatures vanquished.

Vanquished Creatures (collateral kills)
  A hydra (D:12)
  A hill giant (D:10)
  An ugly thing (D:11)
  Pikel (D:4)
  A troll (D:9)
  3 yaks (D:9)
  A vampire (D:12)
  A hippogriff (D:8)
  3 slaves (D:4)
  A wasp (D:12)
  A phantom (D:5)
  3 ogres
  A sky beast (D:5)
  An ice beast (D:9)
  2 centaurs
  A giant frog zombie (D:5)
  A jelly (D:8)
  4 hounds (D:9)
  2 orc priests (D:4)
  2 orc wizards
  An adder skeleton (D:4)
  3 orcs
  A giant cockroach (D:4)
  A ball python skeleton (D:4)
38 creatures vanquished.

Vanquished Creatures (others)
  A giant frog (D:6)
  An orc wizard (D:6)
  An orc (D:6)
  A jackal (D:6)
  2 quokkas (D:6)
6 creatures vanquished.

Grand Total: 359 creatures vanquished

Notes
Turn   | Place    | Note
--------------------------------------------------------------
     0 | D:1      | Raultor the Demonspawn Fighter began the quest for the Orb.
     0 | D:1      | Reached XP level 1. HP: 18/18 MP: 1/1
    30 | D:1      | Reached skill level 2 in Maces & Flails
    46 | D:1      | Gained mutation: You have a pair of small horns on your head. [demonic ancestry]
    46 | D:1      | Reached XP level 2. HP: 10/24 MP: 2/2
    48 | D:1      | HP: 5/24 [kobold/short sword (5)]
   417 | D:1      | Reached skill level 3 in Armour
   890 | D:2      | Gained mutation: You are surrounded by a mild repulsion field (EV +2). [demonic ancestry]
   890 | D:2      | Reached XP level 3. HP: 12/29 MP: 3/3
  1183 | D:2      | Found a snail-covered altar of Cheibriados.
  1244 | D:2      | Reached skill level 3 in Shields
  1731 | D:2      | Gained mutation: A weak demonic guardian rushes to your aid. [demonic ancestry]
  1731 | D:2      | Reached XP level 4. HP: 26/35 MP: 4/4
  1965 | D:2      | Noticed Crazy Yiuf
  1976 | D:2      | HP: 5/35 [Crazy Yiuf/quarterstaff of chaos (7)]
  2839 | D:3      | Reached skill level 3 in Maces & Flails
  2839 | D:3      | Gained mutation: You are surrounded by a moderate repulsion field (EV +3). [demonic ancestry]
  2839 | D:3      | Reached XP level 5. HP: 35/41 MP: 5/5
  3114 | D:3      | Found a blossoming altar of Fedhas.
  3144 | D:3      | Noticed an oklob plant
  3214 | D:3      | Found a deep blue altar of Sif Muna.
  3467 | D:4      | Noticed JokEr's ghost (novice OpTm)
  3496 | D:4      | Killed JokEr's ghost
  3496 | D:4      | Reached skill level 4 in Fighting
  3496 | D:4      | Reached skill level 4 in Maces & Flails
  3496 | D:4      | Reached skill level 4 in Armour
  3496 | D:4      | Gained mutation: A demonic guardian rushes to your aid. [demonic ancestry]
  3496 | D:4      | Reached XP level 6. HP: 41/48 MP: 6/6
  4072 | D:4      | Noticed Pikel
  4077 | D:4      | Killed Pikel
  4077 | D:4      | Reached skill level 4 in Shields
  4077 | D:4      | Reached XP level 7. HP: 51/55 MP: 7/7
  4322 | D:4      | Found a stormy altar of Qazlal.
  4462 | D:5      | Entered Level 5 of the Dungeon
  4467 | D:5      | Reached skill level 5 in Maces & Flails
  4494 | D:5      | Found Vyfecveted's Assorted Antiques.
  4560 | D:5      | Bought a scroll labeled YGENGO QE CAM for 23 gold pieces
  4560 | D:5      | Bought a scroll labeled YHA TOZOSA for 23 gold pieces
  4560 | D:5      | Bought a scroll labeled YNTOTE MYESH for 23 gold pieces
  4560 | D:5      | Bought a scroll labeled MEPRUMN ODEZXOHU for 23 gold pieces
  4564 | D:5      | Found Irykk's Book Boutique.
  4683 | D:5      | Reached skill level 5 in Fighting
  4709 | D:5      | Reached XP level 8. HP: 52/62 MP: 8/8
  4794 | D:5      | Found Jusus's General Store.
  4848 | D:5      | Found Fogaew's Distillery.
  4989 | D:5      | Found an ancient bone altar of Kikubaaqudgha.
  5023 | D:5      | Found Naugheva's Distillery.
  5036 | D:5      | Reached skill level 5 in Armour
  5102 | D:5      | Reached skill level 6 in Maces & Flails
  5519 | D:5      | Found a snail-covered altar of Cheibriados.
  5823 | D:6      | Reached skill level 5 in Shields
  6186 | D:6      | Found a shimmering altar of Xom.
  6543 | D:6      | Reached skill level 6 in Fighting
  6543 | D:6      | Reached skill level 7 in Maces & Flails
  6543 | D:6      | Gained mutation: You are surrounded by a strong repulsion field (EV +4, rMsl). [demonic ancestry]
  6543 | D:6      | Reached XP level 9. HP: 60/69 MP: 9/9
  6747 | D:6      | Found a white marble altar of Elyvilon.
  6747 | D:6      | Found a glowing golden altar of the Shining One.
  7000 | D:7      | Found a burning altar of Makhleb.
  7015 | D:7      | Became a worshipper of Makhleb the Destroyer
  7016 | D:7      | Found a staircase to the Ecumenical Temple.
  7212 | Temple   | Entered the Ecumenical Temple
  7672 | D:8      | Found a glowing silver altar of Zin.
  7673 | D:8      | Noticed an angel
  7759 | D:8      | Reached skill level 1 in Invocations
  7874 | D:8      | Found Tububeibu's General Store.
  7895 | D:8      | Reached * piety under Makhleb
  7942 | D:8      | Reached skill level 6 in Armour
  8038 | D:8      | Reached skill level 2 in Invocations
  8171 | D:8      | Reached skill level 8 in Maces & Flails
  8573 | D:9      | Found a snail-covered altar of Cheibriados.
  8602 | D:9      | Found a shattered altar of Ashenzari.
  8698 | D:9      | Reached skill level 6 in Shields
  8698 | D:9      | Reached skill level 3 in Invocations
  8868 | D:9      | Reached skill level 7 in Fighting
  9061 | D:9      | Gained mutation: You have a pair of horns on your head. [demonic ancestry]
  9061 | D:9      | Reached XP level 10. HP: 61/79 MP: 12/12
  9072 | D:9      | Reached ** piety under Makhleb
  9077 | D:9      | Reached skill level 4 in Invocations
  9351 | D:9      | Found an oddly glowing altar of Pakellas.
  9519 | D:9      | Found a shimmering altar of Xom.
  9793 | D:9      | Found a sparkling altar of Nemelex Xobeh.
  9811 | D:9      | Reached skill level 9 in Maces & Flails
  9968 | D:9      | Got a shimmering cloak
  9979 | D:9      | Identified the cursed -2 cloak of Viss {rF+ rC- Stlth+} (You found it on level 9 of the Dungeon)
 10035 | D:9      | Reached *** piety under Makhleb
 10161 | D:9      | Reached skill level 7 in Armour
 10161 | D:9      | Reached skill level 5 in Invocations
 10162 | D:9      | HP: 17/79 [electric eel/bolt of electricity (5)]
 10522 | D:10     | Entered Level 10 of the Dungeon
 10796 | D:10     | Noticed a hill giant
 10805 | D:10     | Killed a hill giant
 11588 | D:11     | Reached skill level 6 in Invocations
 11643 | D:11     | Noticed a red ugly thing
 11649 | D:11     | Killed a red ugly thing
 11678 | D:11     | Reached skill level 7 in Shields
 11810 | D:11     | Gained mutation: Your flesh is heat resistant. [demonic ancestry]
 11810 | D:11     | Reached XP level 11. HP: 75/86 MP: 15/15
 12349 | D:11     | Found a shattered altar of Ashenzari.
 12381 | D:11     | Reached skill level 10 in Maces & Flails
 12395 | D:11     | Noticed a centaur warrior
 12395 | D:11     | Noticed a tengu warrior
 12678 | D:11     | HP: 20/86 [something (3)]
 12873 | D:10     | Noticed a hill giant
 12879 | D:10     | Killed a hill giant
 13199 | D:12     | Reached skill level 8 in Fighting
 13253 | D:12     | Noticed a centaur warrior
 13267 | D:12     | Killed a centaur warrior
 13293 | D:12     | HP: 20/86 [something (9)]
 13550 | D:12     | Reached **** piety under Makhleb
 13983 | D:12     | Noticed a five-headed hydra
 14006 | D:12     | Killed a five-headed hydra
 14006 | D:12     | Reached skill level 8 in Armour
 14006 | D:12     | Reached skill level 7 in Invocations
 14024 | D:12     | Noticed a hill giant
 14031 | D:12     | HP: 4/86 [hill giant/giant spiked club (18)]
 14033 | D:12     | Demolished by a hill giant

Vault maps used:
D:1:      sevenhm_arrival_forest_fort_small_4
D:2:      serial_park_tiny_pond, lemuel_tele_altar, uniq_crazy_yiuf_cottage
D:3:      led_sif_book, first_bread, tgw_fedhas
D:4:      kennysheep_little_box, uniq_pikel
D:5:      marbit_many_paths, lemuel_zombie_altar_kikubaaqudgha, serial_shops,
          nicolae_shop_trees, nicolae_shop_trees, nicolae_shop_trees,
          nicolae_shop_waterfront, shop, roderic_ancient_swastika
D:6:      gammafunk_temple_overflow_wave, xom_confusion_cloud
D:7:      overflow_temple_1_default, minmay_temple_entry_grid
D:8:      zin_angel, serial_shops, shop
D:9:      nemelex_xobeh_ov_fountains_minmay, lemuel_round_altar,
          kennysheep_mini_moat, erik_lair_island, david_orc_4, basic_altar,
          grunt_ogre_cave, minmay_misc_feat_five, cheibrodos_ashenzari_chains
D:11:     serial_undead, serial_undead_a, serial_undead_e, serial_undead_f,
          serial_undead_f, serial_undead_f, serial_undead_b, basic_altar,
          lightli_corner_chamber
Temple:   corrupted_temple

Action                   |  1- 3 |  4- 6 |  7- 9 | 10-12 || total
-------------------------+-------+-------+-------+-------++-------
Melee: Flail             |   126 |   174 |   339 |   615 ||  1254
       Whip              |       |       |   216 |       ||   216
       Morningstar       |       |       |       |    14 ||    14
Invok: Lesser Servant of |       |       |       |     6 ||     6
Evoke: Wand              |       |       |       |     1 ||     1
  Use: Scroll            |       |     1 |     6 |     5 ||    12
       Potion            |       |       |       |     3 ||     3
 Stab: Distracted        |       |     2 |       |     1 ||     3
  Eat: Chunk             |     3 |     7 |    17 |    13 ||    40
       Bread ration      |       |       |       |     1 ||     1

Vault maps used:
D:1:      sevenhm_arrival_forest_fort_small_4
D:2:      serial_park_tiny_pond, lemuel_tele_altar, uniq_crazy_yiuf_cottage
D:3:      led_sif_book, first_bread, tgw_fedhas
D:4:      kennysheep_little_box, uniq_pikel
D:5:      marbit_many_paths, lemuel_zombie_altar_kikubaaqudgha, serial_shops,
          nicolae_shop_trees, nicolae_shop_trees, nicolae_shop_trees,
          nicolae_shop_waterfront, shop, roderic_ancient_swastika
D:6:      gammafunk_temple_overflow_wave, xom_confusion_cloud
D:7:      overflow_temple_1_default, minmay_temple_entry_grid
D:8:      zin_angel, serial_shops, shop
D:9:      nemelex_xobeh_ov_fountains_minmay, lemuel_round_altar,
          kennysheep_mini_moat, erik_lair_island, david_orc_4, basic_altar,
          grunt_ogre_cave, minmay_misc_feat_five, cheibrodos_ashenzari_chains
D:11:     serial_undead, serial_undead_a, serial_undead_e, serial_undead_f,
          serial_undead_f, serial_undead_f, serial_undead_b, basic_altar,
          lightli_corner_chamber
Temple:   corrupted_temple

Table legend:
 A = Turns spent in this place as a percentage of turns spent in the entire game.
 B = Non-inter-level travel turns spent in this place as a percentage of non-inter-level travel turns spent in the entire game.
 C = Inter-level travel turns spent in this place as a percentage of turns spent in this place.
 D = Turns resting spent in this place as a percentage of non-inter-level travel turns spent in this place.
 E = Turns spent auto-exploring this place as a percentage of non-inter-level travel turns spent in this place.
 F = Non-inter-level travel turns spent in this place divided by the number of levels of this place that you've seen.
                   A       B       C       D       E      F
               +-------+-------+-------+-------+-------+----------------------
         Total | 100.0 | 100.0 |   0.5 |   2.2 |   9.3 | 283.8
       Dungeon |  99.7 |  99.8 |   0.5 |   2.2 |   9.2 | 306.8
        Temple |   0.3 |   0.2 |  10.0 |   0.0 |  88.9 |   9.0
               +-------+-------+-------+-------+-------+----------------------

Table legend:
 A = Kills in this place as a percentage of kills in entire the game.
 B = Kills by you in this place as a percentage of kills by you in the entire game.
 C = Kills by friends in this place as a percentage of kills by friends in the entire game.
 D = Other kills in this place as a percentage of other kills in the entire game.
 E = Experience gained in this place as a percentage of experience gained in the entire game.
 F = Experience gained in this place divided by the number of levels of this place that you have seen.
                   A       B       C       D       E      F
               +-------+-------+-------+-------+-------+----------------------
         Total | 100.0 | 100.0 | 100.0 |  -nan | 100.0 | 1220.9
       Dungeon | 100.0 | 100.0 | 100.0 |  -nan | 100.0 | 1322.7
               +-------+-------+-------+-------+-------+----------------------
